 Dungeon Sprint DCSS version 0.29-a0-392-g297d3b089c (webtiles) character file.

Game seed: 17760293082456884085

11751 mhtbhm the Brawler (level 11, -19/118 HPs)
             Began as a Troll Monk on May 8, 2022.
             Was the Champion of Makhleb.
             Demolished by an orc knight
             ... wielding a +2 great sword
              (21 damage)
             ... in the Dungeon (Sprint IX: "|||||||||||||||||||||||||||||").
             The game lasted 00:04:10 (1596 turns).

mhtbhm the Brawler (Troll Monk)                     Turns: 1596, Time: 00:04:10

Health: -19/118    AC:  5    Str: 28    XL:     11   Next: 53%
Magic:  13/13      EV: 16    Int:  6    God:    Makhleb [******]
Gold:   1278       SH:  0    Dex: 12    Spells: 10/10 levels left

rFire   . . .      SeeInvis .     - Unarmed
rCold   . . .      Faith    .   (no shield)
rNeg    . . .      Spirit   .   a - +0 robe
rPois   .          Reflect  .   (helmet restricted)
rElec   .          Harm     .   k - +0 cloak
rCorr   .          Rampage  .   (gloves unavailable)
Will    .....      NoTele   +   (boots unavailable)
Stlth   +++.......              (no amulet)
HPRegen 1.09/turn               l - +3 ring of strength
MPRegen 0.13/turn               m - +2 ring of evasion

@: no status effects
A: large, unfitting armour, claws 3, regeneration 1, shaggy fur 1, tough skin 1
a: Renounce Religion, Minor Destruction, Lesser Servant of Makhleb, Major
Destruction, Greater Servant of Makhleb


You were in the Dungeon.
You worshipped Makhleb.
Makhleb was exalted by your worship.
You visited 1 branch You collected 1278 gold pieces.

Inventory:

Armour
 a - a +0 robe (worn)
 k - a +0 cloak (worn)
Jewellery
 l - a +3 ring of strength (left claw)
 m - a +2 ring of evasion (right claw)
Wands
 j - a wand of iceblast (6)
Scrolls
 i - 2 scrolls of amnesia
 p - a scroll of fear
 q - 2 scrolls of enchant weapon
 r - a scroll of fog
 s - a scroll of identify
Potions
 b - a potion of ambrosia
 c - 3 potions of curing
 d - a potion of mutation
 e - 3 potions of resistance
 f - 4 potions of magic
 g - a potion of brilliance
 n - 3 potions of might


   Skills:
 + Level 10.2 Fighting
 + Level 12.3 Dodging
 + Level 5.0 Stealth
 + Level 20.4 Unarmed Combat
 + Level 4.2 Invocations
 + Level 2.7 Evocations


You had 10 spell levels left.
You didn't know any spells.
Your spell library was empty.

Dungeon Overview and Level Annotations

Branches:
Dungeon (1/1)

Altars:
Cheibriados
Dithmenos
Elyvilon
Fedhas
Gozag
Hepliaklqana
Kikubaaqudgha
Makhleb
Nemelex Xobeh
Okawaru
Qazlal
Ru
Sif Muna
Trog
Uskayaw
Vehumet
Wu Jian
Xom
Yredelemnul
Zin
The Shining One
Beogh
Jiyva
Lugonu

Shops:
D *


Innate Abilities, Weirdness & Mutations

You are too large for most types of armour.
You have claws for hands.
Your natural rate of healing is unusually fast.
You are covered in fur. (AC +1)
You have tough skin. (AC +1)


Message History

You kill the orc knight!
Makhleb accepts your kill.
You feel better.
You mangle the orc knight!!
The orc knight is moderately wounded.
The orc knight barely misses you.
Unknown command.
You scratch the orc knight but do no damage.
The orc knight is moderately wounded.
You mangle the orc knight!!
You claw the orc knight, but do no damage.
The orc knight is heavily wounded.
An orc high priest comes into view. It is wielding a +0 glaive.
The orc knight hits you with a +2 great sword!!!
You barely miss the orc knight.
The orc high priest shouts!
You claw the orc knight!!
The orc knight is almost dead.
The orc knight hits you with a +2 great sword!!
You scratch the orc knight but do no damage.
The orc knight is almost dead.
Unknown command.
You barely miss the orc knight. Your claw misses the orc knight.
The orc knight is almost dead.
The orc high priest mumbles some strange prayers to Beogh.
The orc knight completely misses you.
You scratch the orc knight.
The orc knight is almost dead.
You scratch the orc knight but do no damage.
The orc knight is almost dead.
The orc knight hits you with a +2 great sword!!
* * * LOW HITPOINT WARNING * * *
The soul eater draws from the surrounding life force!
* * * LOW HITPOINT WARNING * * *
You scratch the orc knight but do no damage.
The orc knight is almost dead.
The orc high priest prays to Beogh.
The orc high priest mumbles some strange prayers to Beogh.
The orc knight hits you with a +2 great sword!!
You die...

▓.▓)▓†▓.▓_▓
▓.▓.▓†▓.▓_▓
▓)▓.▓†▓.▓_▓
▓.▓.▓.▓.▓_▓
▓.▓.▓.▓.▓_▓
▓.▓.▓.▓.▓_▓
▓.▓.▓.▓.▓_▓
▓.▓.▓.▓.▓_▓
▓@▓.▓.▓.▓_▓
▓o▓.▓'▓.▓'▓
▓o▓.▓.▓.▓.▓
▓o▓.▓†▓.▓.▓
▓o▓.▓.▓.▓)▓
▓o▓.▓†▓.▓.▓
▓o▓.▓.▓.▓)▓
▓3▓.▓.▓.▓)▓
▓.▓.▓.▓[▓


You could see an orc knight (strong), a soul eater (summoned), 2 orc high
priests and 3 orcs.

Vanquished Creatures
  A centaur warrior (D)
  A hydra (D)
  A two-headed ogre (D)
  2 orc high priests (D)
  4 orc knights (D)
  An ugly thing (D)
  An orc sorcerer (D)
  A black mamba (D)
  Joseph (D)
  A gargoyle (D)
  A rime drake (D)
  4 komodo dragons (D)
  A cane toad (D)
  A hornet (D)
  4 polar bears (D)
  2 wyverns (D)
  3 yaks (D)
  A basilisk (D)
  An acid dragon (D)
  2 water moccasins (D)
  9 orc warriors (D)
  4 black bears (D)
  An ogre (D)
  A wolf (D)
  2 centaurs (D)
  2 bullfrogs (D)
  A wight (D)
  5 orc priests (D)
  2 orc wizards (D)
  3 white imps (D)
  6 orcs (D)
  2 bats (D)
  A kobold (D)
  A frilled lizard (D)
  A rat (D)
75 creatures vanquished.

Vanquished Creatures (others)
  A vampire mosquito (D)
1 creature vanquished.

Grand Total: 76 creatures vanquished

Notes
Turn   | Place    | Note
-------+----------+-------------------------------------------
     0 | D        | mhtbhm the Troll Monk began the quest for the Orb.
     0 | D        | Reached XP level 1. HP: 22/22 MP: 0/0
    17 | D        | Noticed an ogre
    21 | D        | Reached XP level 2. HP: 31/31 MP: 1/1
    23 | D        | Killed an ogre
    24 | D        | Reached skill level 5 in Unarmed Combat
    24 | D        | Reached XP level 3. HP: 40/40 MP: 2/2
    24 | D        | Reached XP level 4. HP: 49/49 MP: 3/3
    27 | D        | Reached skill level 6 in Unarmed Combat
    33 | D        | Found a snail-covered altar of Cheibriados.
    33 | D        | Found a shadowy altar of Dithmenos.
    33 | D        | Found a white marble altar of Elyvilon.
    33 | D        | Found a blossoming altar of Fedhas.
    33 | D        | Found an opulent altar of Gozag.
    34 | D        | Found a hazy altar of Hepliaklqana.
    35 | D        | Found a viscous altar of Jiyva.
    36 | D        | Found an ancient bone altar of Kikubaaqudgha.
    37 | D        | Found a corrupted altar of Lugonu.
    38 | D        | Found a burning altar of Makhleb.
    39 | D        | Found a sparkling altar of Nemelex Xobeh.
    40 | D        | Found an iron altar of Okawaru.
    41 | D        | Found a stormy altar of Qazlal.
    42 | D        | Found a sacrificial altar of Ru.
    43 | D        | Found a shimmering blue altar of Sif Muna.
    44 | D        | Found a bloodstained altar of Trog.
    45 | D        | Found a hide-covered altar of Uskayaw.
    48 | D        | Found a radiant altar of Vehumet.
    49 | D        | Found an ornate altar of the Wu Jian Council.
    50 | D        | Found a shimmering altar of Xom.
    56 | D        | Became a worshipper of Makhleb the Destroyer
    56 | D        | Reached * piety under Makhleb
    56 | D        | Reached ** piety under Makhleb
    60 | D        | Found a basalt altar of Yredelemnul.
    61 | D        | Found a glowing silver altar of Zin.
    62 | D        | Found a glowing golden altar of the Shining One.
   102 | D        | Noticed a centaur
   102 | D        | Noticed a yak
   102 | D        | Noticed a centaur
   102 | D        | Noticed a hornet
   107 | D        | Killed a centaur
   108 | D        | Reached skill level 5 in Fighting
   108 | D        | Reached skill level 5 in Dodging
   108 | D        | Reached skill level 7 in Unarmed Combat
   108 | D        | Reached XP level 5. HP: 46/57 MP: 4/4
   115 | D        | Killed a yak
   116 | D        | Reached skill level 8 in Unarmed Combat
   116 | D        | Reached XP level 6. HP: 47/68 MP: 5/5
   120 | D        | Reached skill level 9 in Unarmed Combat
   122 | D        | Reached *** piety under Makhleb
   124 | D        | Killed a hornet
   125 | D        | Reached skill level 10 in Unarmed Combat
   125 | D        | Reached XP level 7. HP: 52/78 MP: 6/6
   152 | D        | Noticed a white ugly thing
   152 | D        | Noticed a gargoyle
   152 | D        | Noticed a vampire mosquito
   152 | D        | Noticed a centaur warrior
   152 | D        | Noticed a two-headed ogre
   181 | D        | Killed a white ugly thing
   182 | D        | Reached skill level 11 in Unarmed Combat
   182 | D        | Reached skill level 1 in Invocations
   187 | D        | Killed a gargoyle
   188 | D        | Reached XP level 8. HP: 43/88 MP: 6/8
   195 | D        | Killed a centaur warrior
   195 | D        | Reached **** piety under Makhleb
   196 | D        | Reached skill level 12 in Unarmed Combat
   196 | D        | Reached skill level 1 in Evocations
   206 | D        | Killed a two-headed ogre
   207 | D        | Reached skill level 10 in Dodging
   207 | D        | Reached skill level 13 in Unarmed Combat
   207 | D        | Reached XP level 9. HP: 33/97 MP: 7/9
   376 | D        | Noticed a cane toad
   376 | D        | Noticed a komodo dragon
   376 | D        | Noticed a komodo dragon
   376 | D        | Noticed a komodo dragon
   384 | D        | Killed a cane toad
   385 | D        | Noticed a komodo dragon
   389 | D        | Reached skill level 14 in Unarmed Combat
   390 | D        | Killed a komodo dragon
   390 | D        | Reached ***** piety under Makhleb
   390 | D        | Noticed a black mamba
   395 | D        | Killed a komodo dragon
   752 | D        | Killed a komodo dragon
   756 | D        | Reached skill level 15 in Unarmed Combat
   763 | D        | Killed a komodo dragon
   764 | D        | Reached XP level 10. HP: 107/107 MP: 11/11
   773 | D        | Killed a black mamba
   787 | D        | Noticed an eight-headed hydra
   792 | D        | Killed an 11-headed hydra
   793 | D        | Reached skill level 16 in Unarmed Combat
   800 | D        | Reached ****** piety under Makhleb
   819 | D        | Reached skill level 17 in Unarmed Combat
   927 | D        | Noticed Joseph
   941 | D        | Killed Joseph
   942 | D        | Reached skill level 18 in Unarmed Combat
  1049 | D        | Reached XP level 11. HP: 116/117 MP: 12/12
  1055 | D        | Reached skill level 10 in Fighting
  1233 | D        | Noticed an orc high priest
  1233 | D        | Noticed an orc knight
  1238 | D        | Noticed an orc sorcerer
  1239 | D        | Killed an orc high priest
  1240 | D        | Noticed an orc knight
  1243 | D        | Killed an orc knight
  1244 | D        | Reached skill level 19 in Unarmed Combat
  1245 | D        | Noticed an orc knight
  1247 | D        | Noticed a green death
  1400 | D        | Killed an orc sorcerer
  1413 | D        | Killed an orc knight
  1482 | D        | Killed an orc knight
  1487 | D        | Reached skill level 20 in Unarmed Combat
  1576 | D        | Found Famor's Assorted Antiques.
  1576 | D        | Noticed an orc high priest
  1576 | D        | Noticed an orc knight
  1576 | D        | Noticed an orc knight
  1580 | D        | Killed an orc high priest
  1581 | D        | Reached skill level 5 in Stealth
  1582 | D        | Noticed an orc high priest
  1587 | D        | Killed an orc knight
  1590 | D        | Noticed an orc high priest
  1594 | D        | Noticed a soul eater
  1595 | D        | HP: 2/118 [soul eater/drain life[an orc high priest] (19)]
  1596 | D        | Demolished by an orc knight

Illustrated notes

Levels and vault maps discovered:
D:        linesprint [early_d, line_temple, items_1, d_10, items_2, lair_1,
          lair_end, items_3, orc_1, orc_end, items_4, d_15, swamp_1, shoals_1,
          snake_1, spider_1, d_20, vaults_1, items_5, swamp_end, shoals_end,
          snake_end, spider_end, vaults_end, d_27, items_6, zot_1, zot_end,
          crypt_end, forest_end, elf_end, slime_end, tomb_end, abyss_end,
          pan_hell_end]

Skill      XL: |  1  2  3  4  5  6  7  8  9 10 11 |
---------------+----------------------------------+-----
Fighting       | 3 4 5 6 7 8 9 10 | 10.2
Dodging        | 3 4 5 6 8 9 10 11 12 | 12.3
Unarmed Combat | 5 7 8 10 11 13 15 18 20 | 20.4
Stealth        | 2 3 4 5 |  5.0
Invocations    | 1 2 3 4 |  4.2
Evocations     | 1 2 |  2.7

Action                   |  1- 3 |  4- 6 |  7- 9 | 10-12 || total
-------------------------+-------+-------+-------+-------++-------
Melee: Unarmed           |    11 |    22 |    61 |   158 ||   252
       Punch             |       |     1 |     6 |    10 ||    17
Invok: Minor Destruction |       |     1 |       |       ||     1
       Lesser Servant of |       |       |     1 |       ||     1
       Greater Servant o |       |       |       |     1 ||     1
Evoke: Wand              |       |       |     4 |       ||     4
  Use: Potion            |     1 |     1 |     6 |     3 ||    11
       Scroll            |       |       |     1 |     3 ||     4
 Stab: Invisible         |       |       |     2 |       ||     2
       Distracted        |       |       |       |     1 ||     1
       Sleeping          |       |       |       |     1 ||     1
Armor: Robe              |     2 |     1 |     3 |    14 ||    20
Dodge: Dodged            |     7 |    12 |    34 |    51 ||   104

Table legend: (Time is in decaauts)
 A = Elapsed time spent in this place.
 B = Non-inter-level travel time spent in this place.
 C = Inter-level travel time spent in this place.
 D = Time resting spent in this place.
 E = Time spent auto-exploring this place.
 F = Levels seen in this place.
 G = Mean time per level.
                   A        B        C        D        E       F      G
               +--------+--------+--------+--------+--------+-----+--------+
         Total |   1502 |   1502 |      0 |    580 |    325 |   1 | 1502.0 |
       Dungeon |   1502 |   1502 |      0 |    580 |    325 |   1 | 1502.0 |
               +--------+--------+--------+--------+--------+-----+--------+

Top non-repeatable levels by time:
       D: 1502 daAuts
